 Dungeon Crawl Stone Soup version 0.17-a0-1989-gfb2cd5c (webtiles) character file.

67 Ordine the Skirmisher (level 4, -2/33 HPs)
             Began as an Octopode Fighter on Oct 7, 2015.
             Slain by Sigmund
             ... wielding a +0 scythe
              (12 damage)
             ... on level 3 of the Dungeon.
             The game lasted 00:03:04 (1909 turns).

Ordine the Skirmisher (Octopode Fighter)            Turns: 1909, Time: 00:03:04

Health: -2/33      AC:  1    Str: 15    XL:     4   Next: 16%
Magic:  0/4        EV: 10    Int: 10    God:
Gold:   122        SH:  8    Dex: 12    Spells: 0 memorised, 3 levels left

rFire  . . .     SeeInvis .     a - +0 long sword
rCold  . . .     Clarity  .     b - +0 shield
rNeg   . . .     SustAt   .     (helmet restricted)
rPois  .         Gourm    .     n - amulet of guardian spirit
rElec  .         Spirit   +     (no ring)
rCorr  .         Warding  .     (no ring)
rMut   .         Stasis   .     (no ring)
MR     .....                    (no ring)
Stlth  ++........               (no ring)
                                (no ring)
                                (no ring)
                                (no ring)

@: not resistant to hostile enchantments, unstealthy
A: almost no armour, amphibious, 8 rings, constrict 8, camouflage 1, gelatinous
body 1
a: no special abilities


You were on level 3 of the Dungeon.
You were not hungry.

You visited 1 branch of the dungeon, and saw 3 of its levels.

You collected 122 gold pieces.

Inventory:

Hand Weapons
 a - a +0 long sword (weapon)
Missiles
 e - 91 stones (quivered)
 k - a throwing net
Armour
 b - a +0 shield (worn)
Jewellery
 n - an amulet of guardian spirit (around mantle)
Scrolls
 g - 2 scrolls of enchant armour {unknown}
 h - 10 scrolls of identify {unknown}
 i - 2 scrolls of teleportation {unknown}
 j - a scroll of enchant weapon {unknown}
 m - 2 scrolls of immolation {unknown}
 o - 2 scrolls of remove curse {unknown}
Potions
 c - 4 potions of might
Comestibles
 d - 2 bread rations
 f - a meat ration
 l - a royal jelly
 p - a chunk of flesh


   Skills:
 + Level 4.1 Fighting
 + Level 3.2 Long Blades
 - Level 3.0 Dodging
 - Level 3.0 Shields


You had 3 spell levels left.
You didn't know any spells.

Dungeon Overview and Level Annotations

Branches:
Dungeon (3/15)

Altars:
Nemelex Xobeh
Ru

Annotations:
D:3 Sigmund


Innate Abilities, Weirdness & Mutations

You cannot wear most types of armour.
You are amphibious.
You can wear up to eight rings at the same time.
You can use your tentacles to constrict eight enemies at once.
Your skin changes colour to match your surroundings (Stealth).
Your rubbery body absorbs attacks (AC +1).


Message History

The magic dart hits you!
You closely miss Sigmund. Your grab misses Sigmund. You block Sigmund's attack.
You hit Sigmund. You grab Sigmund.
Sigmund is moderately wounded.
You constrict Sigmund. Sigmund casts a spell at you.
You are confused.
You are too confused!
Drink which item? (? for menu, Esc to quit)
Okay, then.
You release your grip on Sigmund.
Sigmund hits you from afar with a scythe!
Sigmund barely misses you.
Sigmund casts a spell.
Sigmund flickers and vanishes!
Deactivating autopickup; reactivate with Ctrl-A.
You bump into the rock wall.
You feel less confused. Something hits you!
You die...

#. #. ..#.## ##.##
.....# .%.#
.....### #####..#
..>.... ......#
.....## #...#
......# #..@#
......## #.).#
.......#######...#
.................#
#####...######.#.#
#...## #.#.#
##...# #.#.#
#.#.## #.#.#
#....# #.#.#


There were no monsters in sight!

Vanquished Creatures
  A gnoll (D:1)
  2 adders
  An ooze (D:1)
  An orc (D:3)
  4 goblins
  3 hobgoblins
  4 jackals (D:2)
  4 bats
  2 giant geckos (D:2)
  A giant newt (D:2)
  5 kobolds
  5 rats (D:1)
33 creatures vanquished.

Notes
Turn   | Place    | Note
--------------------------------------------------------------
     0 | D:1      | Ordine the Octopode Fighter began the quest for the Orb.
     0 | D:1      | Reached XP level 1. HP: 16/16 MP: 1/1
   278 | D:1      | Reached XP level 2. HP: 21/21 MP: 2/2
   926 | D:1      | Reached XP level 3. HP: 23/26 MP: 3/3
  1012 | D:2      | Found a faded altar to an unknown god.
  1120 | D:2      | Found a sacrificial altar of Ru.
  1578 | D:3      | Found a sparkling altar of Nemelex Xobeh.
  1595 | D:3      | Reached skill level 4 in Fighting
  1708 | D:3      | Reached XP level 4. HP: 20/33 MP: 2/4
  1899 | D:3      | Noticed Sigmund
  1909 | D:3      | Slain by Sigmund

Vault maps used:
D:1:      dpeg_arrival_prison, serial_bayou_crossing
D:2:      ecumenical_altar_1, nicolae_ru_the_path_less_chosen
D:3:      lemuel_crystal_altar, uniq_iyjb, uniq_crazy_yiuf_cottage, uniq_sigmund

Action                   |  1- 3 |  4- 6 || total
-------------------------+-------+-------++-------
Melee: Long sword        |    62 |     3 ||    65
Throw: Stone             |     1 |       ||     1
 Stab: Sleeping          |    10 |       ||    10
  Eat: Chunk             |     2 |     1 ||     3
